 Dungeon Crawl Stone Soup version 0.28.0-53-g5a82cb258f (webtiles) character file.

Game seed: 3824052215008712883

135 Sin92 the Skirmisher (level 4, -3/37 HPs)
             Began as a Demonspawn Fighter on July 4, 2022.
             Was an Initiate of Ru.
             Slain by Grinder (7 damage)
             ... on level 3 of the Dungeon.
             The game lasted 00:02:34 (2151 turns).

Sin92 the Skirmisher (Demonspawn Fighter)           Turns: 2151, Time: 00:02:34

Health: -3/37      AC:  6    Str: 16    XL:     4   Next: 97%
Magic:  4/4        EV:  8    Int: 10    God:    Ru [......]
Gold:   118        SH:  9    Dex: 14    Spells: 3/3 levels left

rFire   . . .      SeeInvis .   a - +0 trident
rCold   . . .      Faith    .   c - +0 buckler
rNeg    . . .      Spirit   .   b - +0 scale mail
rPois   .          Reflect  .   (no helmet)
rElec   .          Harm     .   (no cloak)
rCorr   .          Rampage  .   (no gloves)
Will    .....                   (no boots)
Stlth   ..........              (no amulet)
HPRegen 0.12/turn               (no ring)
MPRegen 0.09/turn               (no ring)

@: hasted, very quick
A: claws 1, large bone plates 1
a: Renounce Religion, Sacrifice Resistance, Sacrifice Essence, Sacrifice Skill,
Reject Sacrifices


You were on level 3 of the Dungeon.
You worshipped Ru.
Ru was noncommittal.
You visited 1 branch of the dungeon, and saw 3 of its levels.

You collected 118 gold pieces.

Inventory:

Hand Weapons
 a - a +0 trident (weapon)
Armour
 b - a +0 scale mail (worn)
 c - a +0 buckler (worn)
Jewellery
 f - an amulet of magic regeneration
Scrolls
 g - 2 scrolls of teleportation {unknown}
 h - a scroll of identify
Potions
 e - a potion of degeneration {unknown}
 j - a potion of attraction {unknown}
 k - a potion of curing {unknown}


   Skills:
 + Level 3.6 Fighting
 * Level 3.2 Polearms
 + Level 3.3 Armour
 + Level 3.3 Shields


You had 3 spell levels left.
You didn't know any spells.
Your spell library contained the following spells:

 Spells                   Type           Power      Damage    Failure   Level
 Sublimation of Blood     Necr           0%         N/A       95%         2
 Wereblood                Tmut           0%         N/A       95%         2
 Summon Hydra             Summ           0%         N/A       100%        7


Dungeon Overview and Level Annotations

Branches:
Dungeon (3/15)

Altars:
Ru

Annotations:
D:3 Grinder


Innate Abilities, Weirdness & Mutations

You have sharp fingernails.
You are partially covered in large bone plates. (SH +4)


Message History

Grinder gestures at you.
You shrug off the repeated paralysis!
You can move again.
Unknown command.
Unknown command.
It was a potion of haste.
You feel yourself speed up. Grinder hits you.
You writhe in agony.
You barely miss Grinder.
Grinder is lightly wounded.
You block Grinder's attack.
You closely miss Grinder.
Grinder is lightly wounded.
Grinder gestures at you. You resist with significant effort.
You hit Grinder but do no damage.
Grinder is lightly wounded.
Grinder hits you.
You writhe in agony.
You completely miss Grinder.
Grinder is lightly wounded.
You block Grinder's attack.
You completely miss Grinder.
Grinder is lightly wounded.
You closely miss Grinder.
Grinder is lightly wounded.
Grinder blinks!
Grinder gestures at you.
You barely resist. You block Grinder's attack.
You barely miss Grinder.
Grinder is lightly wounded.
You barely miss Grinder.
Grinder is lightly wounded.
Grinder blinks!
Grinder gestures at you.
You barely resist. Grinder gestures at you. Pain shoots through your body!
* * * LOW HITPOINT WARNING * * *
Grinder hits you!
You die...

#.##.# #.# #.##.# #.#
#.##.# #.#
.....############.#
#.................#
######################
.....................#
.###################.#
.# #.....ยง@5...# .#
#.########### .# ##


You could see Grinder.

Vanquished Creatures
  An ice beast (D:3)
  A white imp (D:3)
  A worm (D:2)
  A dart slug (D:2)
  4 ball pythons
  2 endoplasms (D:1)
  2 goblins
  A hobgoblin (D:1)
  4 jackals (D:1)
  3 kobolds
  3 quokkas
  7 bats
  4 frilled lizards
  A rat (D:1)
35 creatures vanquished.

Notes
Turn   | Place    | Note
-------+----------+-------------------------------------------
     0 | D:1      | Sin92 the Demonspawn Fighter began the quest for the Orb.
     0 | D:1      | Reached XP level 1. HP: 18/18 MP: 1/1
   266 | D:1      | Gained mutation: You are partially covered in large bone
                  | plates. (SH +4) [demonic ancestry]
   266 | D:1      | Reached XP level 2. HP: 21/24 MP: 2/2
  1013 | D:1      | Gained mutation: You have sharp fingernails. [demonic
                  | ancestry]
  1013 | D:1      | Reached XP level 3. HP: 29/29 MP: 3/3
  1313 | D:2      | Found a faded altar of an unknown god.
  1346 | D:2      | Prayed at the altar of an unknown god.
  1346 | D:2      | Became a worshipper of Ru the Awakened
  2044 | D:3      | Noticed an ice beast
  2053 | D:3      | Killed an ice beast
  2054 | D:3      | Reached XP level 4. HP: 32/36 MP: 4/4
  2127 | D:3      | Noticed Grinder
  2133 | D:3      | Paralysed by Grinder for 2 turns
  2151 | D:3      | Slain by Grinder

Illustrated notes

Levels and vault maps discovered:
D:1:      lightli_arrival_boilingwater, layout_loops_corners, minmay_cut_off
D:2:      layout_loops_ring, basic_ecumenical_altar, minmay_stone_trees_small
D:3:      layout_basic, chequers_serial_rivers_room_a, hangedman_decor_opposing,
          uniq_grinder

Skill      XL: |  1  2  3 |
---------------+----------+-----
Polearms       | 2 3 |  3.2
Shields        | 3 |  3.3
Armour         | 3 |  3.3
Fighting       | |  3.6

Action                   |  1- 3 |  4- 6 || total
-------------------------+-------+-------++-------
Melee: Trident           |   145 |    16 ||   161
  Use: Potion            |     1 |     1 ||     2
       Scroll            |     1 |       ||     1
Armor: Scale mail        |    68 |     1 ||    69
Dodge: Dodged            |    71 |     2 ||    73
Block: Buckler           |    60 |     5 ||    65
